 Dungeon Crawl Stone Soup version 0.28-a0-1447-ga5a8893891 (webtiles) character file.

Game seed: 10509720114684488865

112 oldriver the Skirmisher (level 5, -2/42 HPs)
             Began as a Formicid Chaos Knight on Jan 11, 2022.
             Was a Plaything of Xom.
             Slain by an ogre (14 damage)
             ... on level 3 of the Dungeon.
             The game lasted 00:02:09 (1445 turns).

oldriver the Skirmisher (Formicid Chaos Knight)     Turns: 1445, Time: 00:02:10

Health: -2/42      AC:  6    Str: 16 (18) XL:     5   Next: 16%
Magic:  0/5        EV: 12    Int: 11 (12) God:    Xom [....*.]
Gold:   53         SH:  0    Dex: 13 (16) Spells: 4/4 levels left

rFire   . . .      SeeInvis +   a - +1 hand axe (chaos)
rCold   + . .      Faith    .   (no shield)
rNeg    . . .      Spirit   +   b - +3 leather armour
rPois   .          Reflect  .   (helmet unavailable)
rElec   .          Harm     .   (no cloak)
rCorr   .          Rampage  .   (no gloves)
Will    .....                   (no boots)
Stlth   +.........              l - amulet of guardian spirit
HPRegen 0.94/turn               i - +6 ring of dexterity
MPRegen 0.09/turn               (no ring)

@: mighty
A: permanent stasis, dig shafts and tunnels, antennae 3, four strong arms, cold
resistance 1, regeneration 1, wild magic 1, MP-powered wands
a: Dig, Shaft Self, Renounce Religion


You were on level 3 of the Dungeon.
You worshipped Xom.
You were a beloved toy of Xom.
You visited 1 branch of the dungeon, and saw 3 of its levels.

You collected 53 gold pieces.

Inventory:

Hand Weapons
 a - a +1 hand axe of chaos (weapon)
Armour
 b - a +3 leather armour (worn)
Jewellery
 i - a +6 ring of dexterity (left hand)
 l - an amulet of guardian spirit (around neck)
Wands
 e - a wand of iceblast (17)
Scrolls
 g - 4 scrolls of noise {unknown}
Potions
 c - a potion of flight
 d - a potion of curing
 j - a potion of resistance {unknown}


   Skills:
 + Level 4.1 Fighting
 + Level 3.7 Axes
 + Level 3.3 Armour
 - Level 2.0 Dodging


You had 4 spell levels left.
You didn't know any spells.
Your spell library was empty.

Dungeon Overview and Level Annotations

Branches:
Dungeon (3/15)

Altars:
Sif Muna
Xom
Zin


Innate Abilities, Weirdness & Mutations

You cannot be hasted, slowed, berserked, paralysed or teleported.
You can dig through walls and to a lower floor.
You have a pair of large antennae on your head. (SInv)
Your four strong arms can wield two-handed weapons with a shield.
Your flesh is cold resistant. (rC+)
Your natural rate of healing is unusually fast.
Your spells are a little harder to cast, but a little more powerful.
You expend magic power (3 MP) to strengthen your wands.


Message History

You closely miss the orc wizard.
The orc wizard is almost dead.
The orc wizard hits you but does no damage.
The orc wizard barely misses you.
The orc wizard hits you with a +1 dagger of speed.
* * * LOW HITPOINT WARNING * * *
You hit the orc wizard.
The orc wizard's magic leaks into the air.
The orc wizard is almost dead.
The orc wizard hits you but does no damage.
An ogre comes into view. It is wielding a +0 giant spiked club.
The orc wizard barely misses you.
The ogre shouts!
You hit the orc wizard.
You kill the orc wizard!
You have reached level 5!
Things that are here:
a +1 dagger of speed; a +0 robe; an orc corpse
As you read the scroll labelled ROCLOR WEIGOL, it crumbles to dust.
The scroll dissolves into smoke.
It was a scroll of fog.
As you read the scroll labelled HUSTISHRESTRI, it crumbles to dust.
You feel aware of your surroundings.
You sensed 2 altars.
It was a scroll of magic mapping.
As you read the scroll labelled CABAES LEZXO, it crumbles to dust.
It is a scroll of enchant weapon.
Your +0 hand axe of chaos glows red for a moment.
It was a potion of curing.
You feel better.
It was a potion of degeneration.
There was something very wrong with that liquid.
You feel weakened.
You feel dopey.
You feel clumsy.
It was a potion of might.
You feel very mighty all of a sudden.
Xom thinks this is hilarious!
The ogre hits you with a +0 giant spiked club!
* * * LOW HITPOINT WARNING * * *
You slash the ogre!
The ogre is heavily wounded.
The ogre hits you with a +0 giant spiked club!
You die...
Xom howls with laughter!

***,*** ##########.....
*,,,,,##* ########....
*,,,###≈####...##...†..
*,,##≈≈≈≈≈##......###..
*,##≈≈≈≈≈≈≈##..#####...
*,#≈≈....≈≈≈#..........
***≈.####≈≈≈###........
*≈≈##§§##8.8.8.####...
*≈≈#§@O§§)..O.........
*≈≈##§§##8.8.8.##.....
**≈.####≈≈≈###.##..###
#≈≈....≈≈≈#*#.##..#o.
*##≈≈≈≈≈≈≈##,....._#oA
*,##≈≈≈≈≈##**#.##..#..
*,*###≈### #.##..###
*,* ##* *.##..... *,*
*,*,,,,,,


You could see an ogre.

Vanquished Creatures
  2 orc wizards (D:3)
  An adder (D:2)
  3 dart slugs
  An orc (D:3)
  2 endoplasms
  4 giant cockroaches
  5 hobgoblins
  4 jackals
  3 kobolds
  2 quokkas (D:1)
  3 ball pythons
  4 frilled lizards
  7 goblins (D:1)
  5 rats
46 creatures vanquished.

Notes
Turn   | Place    | Note
-------+----------+-------------------------------------------
     0 | D:1      | oldriver the Formicid Chaos Knight began the quest for the
                  | Orb.
     0 | D:1      | Reached XP level 1. HP: 18/18 MP: 1/1
    27 | D:1      | Reached skill level 1 in Dodging
    28 | D:1      | XOM: silly message
    36 | D:1      | Reached XP level 2. HP: 24/24 MP: 2/2
   161 | D:1      | XOM: silly message
   191 | D:1      | Reached XP level 3. HP: 18/29 MP: 3/3
   278 | D:1      | XOM: god gift: wooden wand {god gift}
   453 | D:1      | XOM: give mutations
   453 | D:1      | Gained mutation: Your flesh is cold resistant. (rC+) [Xom's
                  | grace]
   453 | D:1      | Gained mutation: You expend magic power (3 MP) to
                  | strengthen your wands. [Xom's grace]
   731 | D:2      | Reached XP level 4. HP: 37/37 MP: 4/4
  1008 | D:2      | XOM: give mutations
  1008 | D:2      | Gained mutation: Your natural rate of healing is unusually
                  | fast. [Xom's grace]
  1008 | D:2      | Gained mutation: Your spells are a little harder to cast,
                  | but a little more powerful. [Xom's grace]
  1137 | D:2      | XOM: scenery: create altars
  1382 | D:3      | Found a glowing silver altar of Zin.
  1382 | D:3      | Found a shimmering altar of Xom.
  1382 | D:3      | Noticed an angel
  1415 | D:3      | Found a shimmering blue altar of Sif Muna.
  1423 | D:3      | Reached skill level 4 in Fighting
  1435 | D:3      | Noticed an ogre
  1437 | D:3      | Reached XP level 5. HP: 8/42 MP: 0/5
  1445 | D:3      | Slain by an ogre

Illustrated notes

Levels and vault maps discovered:
D:1:      lemuel_arrival_funnel, layout_rooms
D:2:      layout_rooms, hangedman_glass_teeth, chequers_serial_rivers_room_b,
          grunt_ministairs_8, minmay_pentomino_t4
D:3:      layout_loops_ring, grunt_temple_overflow_order_and_chaos_1,
          mainiacjoe_overflow_alcove_4, kennysheep_orc_sif_temple,
          ebering_ecumenical_altar_ruins, uniq_terence

Skill      XL: |  1  2  3  4 |
---------------+-------------+-----
Dodging        | 1 2 |  2.0
Armour         | 3 |  3.3
Fighting       | 4 |  4.1
Axes           | |  3.7

Action                   |  1- 3 |  4- 6 || total
-------------------------+-------+-------++-------
Melee: Hand axe          |    58 |    55 ||   113
       Punch             |     1 |       ||     1
  Use: Scroll            |     2 |     5 ||     7
       Potion            |       |     3 ||     3
 Stab: Sleeping          |       |     1 ||     1
Armor: Leather armour    |    19 |    21 ||    40
Dodge: Dodged            |    28 |    39 ||    67

Table legend: (Time is in decaauts)
 A = Elapsed time spent in this place.
 B = Non-inter-level travel time spent in this place.
 C = Inter-level travel time spent in this place.
 D = Time resting spent in this place.
 E = Time spent auto-exploring this place.
 F = Levels seen in this place.
 G = Mean time per level.
                   A        B        C        D        E       F      G
               +--------+--------+--------+--------+--------+-----+--------+
         Total |   1463 |   1394 |     69 |      0 |   1032 |   3 |  487.7 |
       Dungeon |   1463 |   1394 |     69 |      0 |   1032 |   3 |  487.7 |
               +--------+--------+--------+--------+--------+-----+--------+

Top non-repeatable levels by time:
     D:2: 692 daAuts
     D:1: 664 daAuts
     D:3: 107 daAuts
